 Dungeon Crawl Stone Soup version 0.30-a0-371-gad7725a93e (webtiles) character file.

Game seed: 10059541135703857712

121 bmack86 the Firebug (level 4, -4/31 HPs)
             Began as a Demonspawn Fire Elementalist on Nov 21, 2022.
             Slain by an iguana (7 damage)
             ... on level 4 of the Dungeon.
             The game lasted 00:25:11 (2641 turns).

bmack86 the Firebug (Demonspawn Fire Elementalist)  Turns: 2641, Time: 00:25:11

Health: -4/31      AC:  6    Str:  8    XL:     4   Next: 77%
Magic:  0/7        EV: 12    Int: 17    God:
Gold:   126        SH:  4    Dex: 15    Spells: 2/8 levels left

rFire   . . .      SeeInvis .    w - +3 short sword
rCold   . . .      Faith    .    (no shield)
rNeg    . . .      Spirit   .    a - +1 robe
rPois   +          Reflect  .    (helmet restricted)
rElec   +          Harm     .    A - +0 cloak
rCorr   .          Rampage  .    (no gloves)
Will    +....                    (no boots)
Stlth   +.........               (no amulet)
HPRegen 0.25/turn                z - ring of Fixation {rElec rPois Will+ Stlth-}
MPRegen 0.10/turn                (no ring)

@: no status effects
A: horns 1, icy blue scales 1, condensation shield
a: no special abilities


You were on level 4 of the Dungeon.
You visited 1 branch of the dungeon, and saw 4 of its levels.

You collected 204 gold pieces.
You spent 78 gold pieces at shops.

Inventory:

Hand Weapons
 c - a +2 mace
 e - a +0 whip
 k - a +0 whip
 w - a +3 short sword (weapon)
Missiles
 j - 26 stones
 q - 2 poisoned darts
Armour
 a - a +1 robe (worn)
 f - an orb of wrath
 g - a +2 chain mail of willpower
 l - a +0 scale mail
 p - a +0 robe
 x - a +0 scale mail
 A - a +0 cloak (worn)
Jewellery
 z - the ring of Fixation (left hand) {rElec rPois Will+ Stlth-}
   (You found it on level 3 of the Dungeon)

   [ring of willpower]

   rElec:     It insulates you from electricity.
   rPois:     It protects you from poison.
   Will:      It increases your willpower.
   Stlth:     It makes you less stealthy.
Wands
 i - a wand of polymorph (7)
 u - a wand of mindburst (7)
Scrolls
 m - 2 scrolls of teleportation
 n - a scroll of blinking
 r - a scroll of brand weapon
 s - a scroll of poison
 t - a scroll of noise
 v - a scroll of immolation {unknown}
 y - a scroll of magic mapping {unknown}
Potions
 b - a potion of magic
 d - 3 potions of degeneration
 h - a potion of heal wounds {unknown}
 o - a potion of haste {unknown}
 B - a potion of lignification {unknown}
 D - 2 potions of curing {unknown}


   Skills:
 + Level 0.5 Fighting
 + Level 0.1 Short Blades
 + Level 1.9 Maces & Flails
 + Level 2.2 Dodging
 + Level 2.2 Stealth
 + Level 0.4 Unarmed Combat
 + Level 2.6 Spellcasting
 + Level 1.3 Conjurations
 + Level 3.2 Fire Magic


You had 2 spell levels left.
You knew the following spells:

 Your Spells              Type           Power      Damage    Failure   Level
a - Foxfire               Conj/Fire      40%        2x1d6     7%          1
b - Scorch                Fire           26%        2d6       8%          2
c - Inner Flame           Hex/Fire       7%         N/A       28%         3

Your spell library contained the following spells:

 Spells                   Type           Power      Damage    Failure   Level
 Kiss of Death            Conj/Necr      16%        2d6       14%         1
 Summon Small Mammal      Summ           8%         N/A       19%         1
 Sublimation of Blood     Necr           2%         N/A       28%         2
 Wereblood                Tmut           2%         N/A       28%         2
 Kindle Blastsparks       Fire/Tloc/Air  10%        2d10      34%         3
 Call Canine Familiar     Summ           2%         N/A       50%         3
 Confusing Touch          Hex            2%         N/A       50%         3
 Summon Guardian Golem    Hex/Summ       2%         N/A       50%         3
 Flame Wave               Conj/Fire      10%        2d6       56%         4
 Dispel Undead            Necr           2%         3d7       88%         4
 Summon Hydra             Summ           1%         N/A       100%        7


Dungeon Overview and Level Annotations

Branches:
Dungeon (4/15)
 Temple: D:4-7

Altars:

Shops:
D:3 *


Innate Abilities, Weirdness & Mutations

You have a pair of small horns on your head.
You are partially covered in icy blue scales. (AC +2)
A meltable shield of frost defends you. (SH +4)


Message History

You hit the adder. Your headbutt misses the adder.
The adder is moderately wounded.
The adder is no longer more vulnerable to fire.
The adder bites you but does no damage. The adder closely misses you.
You hit the adder.
The adder is severely wounded.
The adder barely misses you. The adder bites you. You block the adder's attack.
The adder bites you but does no damage.
You hit the adder.
The adder is almost dead.
You block the adder's attack. The adder closely misses you.
The iguana misses you.
You hit the adder.
You kill the adder!
The adder bites you. The iguana closely misses you.
Casting: Scorch (safe; 8% risk of failure)
Confirm with . or Enter, or press ? or * to list all spells.
Flames lash the iguana.
The iguana is heavily wounded.
The iguana's fire resistance burns away.
The adder barely misses you. The iguana bites you!
Casting: Scorch (safe; 8% risk of failure)
Confirm with . or Enter, or press ? or * to list all spells.
Flames lash the adder.
You kill the adder!
The iguana barely misses you.
Casting: Scorch (safe; 8% risk of failure)
Confirm with . or Enter, or press ? or * to list all spells.
You don't have enough magic to cast this spell.
The iguana bites you.
* * * LOW HITPOINT WARNING * * *
You barely miss the iguana. Your headbutt misses the iguana.
The iguana is heavily wounded.
The iguana bites you.
* * * LOW HITPOINT WARNING * * *
You hit the iguana. Your headbutt misses the iguana.
The iguana is severely wounded.
The iguana is no longer more vulnerable to fire.
The iguana bites you!
You die...

# . ###.
...###### ##
#......# ...
...#.# ..
#...######
.#.#.##?@.......
......††l.######
.....##...##
.... #.....# ...
#..<#.# ..
#...#... .
..........#
#...#†###.#..#
...... .#..#


You could see an iguana.

Vanquished Creatures
  Jessica (D:2)
  Terence (D:2)
  3 adders
  A worm (D:2)
  5 ball pythons
  3 bats
  4 endoplasms
  2 giant cockroaches
  A goblin (D:3)
  5 hobgoblins
  8 kobolds
  3 frilled lizards
  5 rats
42 creatures vanquished.

Vanquished Creatures (others)
  34 foxfires
34 creatures vanquished.

Grand Total: 76 creatures vanquished

Notes
Turn   | Place    | Note
-------+----------+-------------------------------------------
     0 | D:1      | bmack86 the Demonspawn Fire Elementalist began the quest
                  | for the Orb.
     0 | D:1      | Reached XP level 1. HP: 13/13 MP: 3/3
   167 | D:1      | Reached skill level 3 in Fire Magic
   333 | D:1      | Gained mutation: You are partially covered in icy blue
                  | scales. (AC +2) [demonic ancestry]
   333 | D:1      | Reached XP level 2. HP: 19/19 MP: 1/5
   767 | D:2      | Noticed Terence
   977 | D:2      | Killed Terence
   978 | D:2      | Gained mutation: You have a pair of small horns on your
                  | head. [demonic ancestry]
   978 | D:2      | Reached XP level 3. HP: 23/25 MP: 6/6
  1108 | D:2      | Reached skill level 1 in Maces & Flails
  1377 | D:2      | Noticed Jessica
  1386 | D:2      | Killed Jessica
  1387 | D:2      | Gained mutation: A meltable shield of frost defends you.
                  | (SH +4) [demonic ancestry]
  1387 | D:2      | Reached XP level 4. HP: 10/31 MP: 4/7
  1923 | D:3      | Learned a level 2 spell: Scorch
  1927 | D:3      | Learned a level 3 spell: Inner Flame
  2108 | D:3      | Identified the ring of Fixation {rElec rPois Will+ Stlth-}
  2140 | D:3      | Found Tucwommoafe's General Store.
  2160 | D:3      | Bought a scroll of identify for 26 gold pieces
  2160 | D:3      | Bought a scroll of identify for 26 gold pieces
  2160 | D:3      | Bought a scroll of identify for 26 gold pieces
  2641 | D:4      | Slain by an iguana

Illustrated notes

Levels and vault maps discovered:
D:1:      dpeg_arrival_lava_altar, layout_basic
D:2:      cheibrodos_helix_gallery, layout_basic, uniq_jessica, uniq_terence
D:3:      layout_loops_cross, serial_shops, nicolae_shop_hallway_plus,
          kennysheep_generic_room_12
D:4:      layout_basic, ebering_ghost_disaster_area, st_stairs_14, uniq_pikel

Skill      XL: |  1  2  3 |
---------------+----------+-----
Fire Magic     | 3 |  3.2
Dodging        | 2 |  2.2
Stealth        | 2 |  2.2
Maces & Flails | 1 |  1.9
Fighting       | |  0.5
Short Blades   | |  0.1
Unarmed Combat | |  0.4
Spellcasting   | |  2.6
Conjurations   | |  1.3

Action                   |  1- 3 |  4- 6 || total
-------------------------+-------+-------++-------
Melee: Mace              |    75 |     2 ||    77
       Unarmed           |    17 |       ||    17
       Headbutt          |     5 |     2 ||     7
       Short sword       |       |    15 ||    15
 Cast: Foxfire           |    20 |     6 ||    26
       Scorch            |       |    13 ||    13
  Use: Scroll            |     4 |     5 ||     9
 Stab: Sleeping          |     1 |     1 ||     2
       Confused          |     1 |       ||     1
Armor: Robe              |    27 |     2 ||    29
       Skin              |     1 |       ||     1
Dodge: Dodged            |    86 |    20 ||   106
Block: Other             |       |     2 ||     2

Table legend: (Time is in decaauts)
 A = Elapsed time spent in this place.
 B = Non-inter-level travel time spent in this place.
 C = Inter-level travel time spent in this place.
 D = Time resting spent in this place.
 E = Time spent auto-exploring this place.
 F = Levels seen in this place.
 G = Mean time per level.
                   A        B        C        D        E       F      G
               +--------+--------+--------+--------+--------+-----+--------+
         Total |   2640 |   2640 |      0 |    119 |   1508 |   4 |  660.0 |
       Dungeon |   2640 |   2640 |      0 |    119 |   1508 |   4 |  660.0 |
               +--------+--------+--------+--------+--------+-----+--------+

Top non-repeatable levels by time:
     D:2: 1062 daAuts
     D:1: 782 daAuts
     D:3: 779 daAuts
     D:4: 16 daAuts
